 Dungeon Crawl Stone Soup version 0.17-a0-702-gb3a3556 (webtiles) character file.

677 laxity the Transmogrifier (level 7, -2/57 HPs)
             Began as a Naga Transmuter on Apr 19, 2015.
             Succumbed to a kobold's poison
             ... on level 5 of the Dungeon.
             The game lasted 00:14:45 (6327 turns).

laxity the Transmogrifier (Naga Transmuter)         Turns: 6327, Time: 00:14:45

Health: -2/57      AC:  2    Str: 17    XL:     7   Next: 60%
Magic:  10/10      EV: 19    Int: 15    God:
Gold:   188        SH:  0    Dex: 17    Spells: 3 memorised, 1 level left

rFire  + . .     SeeInvis +       - Unarmed
rCold  . . .     Clarity  .     (armour currently unavailable)
rNeg   . . .     SustAb   .     (shield currently unavailable)
rPois  x         Gourm    .     (helmet currently unavailable)
rElec  .         Spirit   .     (cloak currently unavailable)
rCorr  .         Warding  .     (gloves currently unavailable)
rMut   .         Stasis   .     (no barding)
MR     .....                    s - amulet of rage
Stlth  ++........               (no ring)
                                p - ring of protection from fire

@: mighty, lethally poisoned (-2 -> -35), spider-form, not resistant to hostile
enchantments, unstealthy
A: see invisible, (deformed body), (poison resistance), (slowness 0), spit
poison 2, AC +2
a: Spit Poison, End Transformation, Evoke Berserk Rage


You were on level 5 of the Dungeon.
You were hungry.
You were a venomous arachnid creature.
You visited 1 branch of the dungeon, and saw 5 of its levels.
You also visited: Sewer.

You collected 188 gold pieces.

Inventory:

Missiles
 b - 12 arrows
Armour
 c - a +0 robe (melded)
 f - a +1 hat (melded)
Jewellery
 p - a ring of protection from fire (left front leg)
 s - an amulet of rage (around neck)
Scrolls
 e - a scroll of noise
 j - 2 scrolls of identify {unknown}
 m - a scroll of fear {unknown}
 n - a scroll of fog {unknown}
 r - a scroll of remove curse {unknown}
 t - a scroll of blinking {unknown}
 x - 3 scrolls of enchant weapon {unknown}
 B - a scroll of immolation {unknown}
Potions
 g - 2 potions of agility
 i - a potion of might
 l - a potion of magic
 o - a potion of resistance {unknown}
 q - 2 potions of invisibility
 v - a potion of flight {unknown}
 w - 2 potions of berserk rage {unknown}
 z - a potion of heal wounds {unknown}
 A - a potion of brilliance {unknown}
 C - a potion of restore abilities {unknown}
Books
 d - a book of Changes

   Spells                             Type                      Level
   a - Beastly Appendage              Transmutation                1
   b - Sticks to Snakes               Transmutation                2
   c - Spider Form                    Transmutation/Poison         3
   d - Ice Form                       Ice/Transmutation            4
   e - Blade Hands                    Transmutation                5
Comestibles
 a - 6 bread rations
 h - 2 meat rations
 k - a slice of pizza


   Skills:
 - Level 1.0 Fighting
 - Level 1.5 Dodging
 - Level 3.0 Unarmed Combat
 - Level 2.0 Spellcasting
 + Level 8.3 Transmutations


You had one spell level left.
You knew the following spells:

 Your Spells              Type           Power        Failure   Level  Hunger
a - Beastly Appendage     Trmt           ####..       4%          1    #......
b - Spider Form           Trmt/Pois      ##........   32%         3    ###....
c - Blade Hands           Trmt           ####......   45%         5    ######.


Dungeon Overview and Level Annotations

Branches:
Dungeon (5/15)             Temple (0/1) D:5

Altars:
Kikubaaqudgha
Okawaru
Ru
Xom
Yredelemnul

Shops:
D:4 [

Annotations:
D:5 Menkaure


Innate Abilities, Weirdness & Mutations

You cannot wear boots.
((Your serpentine skin is tough (AC +2).))
You have supernaturally acute eyesight.
((Armour fits poorly on your strangely shaped body.))
((Your system is resistant to poisons.))
((You cover ground very slowly.))
You can spit poison.


Message History

The kobold hits you with a short sword of venom.
* * * LOW HITPOINT WARNING * * *
You are more poisoned.
You hit the orc wizard but do no damage.
The orc wizard is almost dead.
* * * LOW HITPOINT WARNING * * *
You feel very sick.
You kill the orc wizard!
You kill the kobold!
Drink which item? (? for menu, Esc to quit)
Okay, then.
Unknown command.
Drink which item? (? for menu, Esc to quit)
It was a potion of might.
You feel very mighty all of a sudden.
You are feeling hungry.
* * * LOW HITPOINT WARNING * * *
You feel very sick.
Drink which item? (? for menu, Esc to quit)
It was a potion of magic.
Magic courses through your body.
You die...

#####.# ).... #.# #... #.#
#... .# #.# #..# ##.
#####.## #..# ...#
.......# #..# .#.#
.####..# #..##.#.# .##
#..########..)....#### ..#
#..........)s).........
.## ##.###########)..#####
### #...# #.).# ..# ###.#
#...#
..######.#####....o......#
......##.##......)....(...
..###.##.##.##...........#
..###.##.##.####.#...#.###
###.........# #.#...#...


There were no monsters in sight!

Vanquished Creatures
  Sigmund (D:2)
  An orc priest (D:5)
  3 orc wizards (D:5)
  6 worker ants
  10 adders
  4 oozes (Sewer)
  2 adder skeletons
  4 worms
  8 giant geckos
  4 orcs
  4 ball pythons
  24 bats
  A bat skeleton (D:5)
  10 goblins
  5 hobgoblins
  9 jackals
  9 kobolds
  5 quokkas
  11 giant cockroaches
  5 giant newts
  11 rats
137 creatures vanquished.

Notes
Turn   | Place    | Note
--------------------------------------------------------------
     0 | D:1      | laxity, the Naga Transmuter, began the quest for the Orb.
     0 | D:1      | Reached XP level 1. HP: 18/18 MP: 3/3
   180 | D:1      | Reached XP level 2. HP: 8/25 MP: 3/5
   719 | D:1      | Reached XP level 3. HP: 17/31 MP: 6/6
   727 | D:1      | Learned a level 3 spell: Spider Form
  1045 | D:1      | Found an iron altar of Okawaru.
  1725 | D:2      | Reached skill level 4 in Transmutations
  1940 | D:2      | Reached XP level 4. HP: 36/38 MP: 0/7
  2012 | D:2      | Found a sacrificial altar of Ru.
  2014 | D:2      | Found a shimmering altar of Xom.
  2020 | D:2      | Found an ancient bone altar of Kikubaaqudgha.
  2083 | D:2      | Found a basalt altar of Yredelemnul.
  2527 | D:2      | Noticed Sigmund
  2541 | D:2      | Killed Sigmund
  2541 | D:2      | Reached skill level 6 in Transmutations
  2541 | D:2      | Reached XP level 5. HP: 27/44 MP: 5/8
  2541 | D:2      | Reached XP level 6. HP: 31/51 MP: 5/9
  2670 | D:2      | Learned a level 5 spell: Blade Hands
  3472 | D:3      | Found a glowing drain.
  3507 | Sewer    | Entered a sewer
  4672 | D:3      | Reached skill level 7 in Transmutations
  4960 | D:4      | Reached XP level 7. HP: 34/57 MP: 7/10
  5133 | D:4      | Found Kuan's Armour Shoppe.
  5696 | D:5      | Entered Level 5 of the Dungeon
  5887 | D:5      | Found a staircase to the Ecumenical Temple.
  5969 | D:5      | Noticed Menkaure
  6311 | D:5      | Reached skill level 8 in Transmutations
  6326 | D:5      | HP: 1/57 [poisoned by a kobold]
  6327 | D:5      | Succumbed to a kobold's poison

Action                   |  1- 3 |  4- 6 |  7- 9 || total
-------------------------+-------+-------+-------++-------
Melee: Unarmed           |   137 |   275 |   103 ||   515
 Cast: Beastly Appendage |     5 |       |       ||     5
       Spider Form       |     2 |    18 |    13 ||    33
  Use: Scroll            |       |     2 |     3 ||     5
       Potion            |       |     1 |     3 ||     4
  Eat: Chunk             |     3 |    13 |     6 ||    22
